 Dungeon Crawl Stone Soup version 0.23.2-40-g277498a001 (webtiles) character file.

Game seed: 6202352135841588229

178 Frank2 the Chopper (level 5, -4/41 HPs)
             Began as a Demigod Gladiator on Sept 8, 2019.
             Slain by Grinder (6 damage)
             ... on level 3 of the Dungeon.
             The game lasted 00:02:59 (2480 turns).

Frank2 the Chopper (Demigod Gladiator)              Turns: 2480, Time: 00:03:00

Health: -4/41      AC:  5    Str: 17    XL:     5   Next: 10%
Magic:  7/7        EV: 14    Int: 12    God:
Gold:   265        SH:  0    Dex: 19    Spells: 4/4 levels left

rFire    . . .     SeeInvis .   a - +0 war axe
rCold    . . .     Gourm    .   (no shield)
rNeg     . . .     Faith    .   b - +0 leather armour
rPois    .         Spirit   .   c - +1 helmet
rElec    .         Reflect  .   (no cloak)
rCorr    .         Harm     .   (no gloves)
MR       .....                  (no boots)
Stlth    +.........             (no amulet)
HPRegen  0.13/turn              (no ring)
MPRegen  0.10/turn              (no ring)

@: no status effects
A: high mp 1
a: no special abilities


You were on level 3 of the Dungeon.
You were not hungry.

You visited 1 branch of the dungeon, and saw 3 of its levels.

You collected 265 gold pieces.

Inventory:

Hand Weapons
 a - a +0 war axe (weapon)
Armour
 b - a +0 leather armour (worn)
 c - a +1 helmet (worn)
Wands
 n - a wand of random effects (16)
Scrolls
 e - 2 scrolls of remove curse
 g - 3 scrolls of teleportation
 j - 2 scrolls of identify
 k - a scroll of magic mapping {unknown}
Potions
 h - a potion of lignification
 i - a potion of resistance
 l - a potion of flight
 m - a potion of curing
Comestibles
 f - 6 rations


   Skills:
 + Level 2.2 Fighting
 + Level 4.0 Axes
 - Level 1.8 Throwing
 * Level 2.4 Armour
 + Level 3.3 Dodging


You had 4 spell levels left.
You didn't know any spells.
Your spell library was empty.

Dungeon Overview and Level Annotations

Branches:
Dungeon (3/15)

Annotations:
D:3 Grinder


Innate Abilities, Weirdness & Mutations

You have an increased reservoir of magic. (+10% MP)


Message History

Aim: Grinder (lightly wounded)
You throw a throwing net.
The throwing net closely misses Grinder.
Grinder hits you.
You writhe in agony.
You closely miss Grinder.
Grinder is lightly wounded.
Grinder barely misses you.
You hit Grinder but do no damage.
Grinder is lightly wounded.
Grinder misses you.
You slash Grinder!
Grinder is moderately wounded.
Grinder hits you!
You writhe in agony.
Grinder hits you!
* * * LOW HITPOINT WARNING * * *
You writhe in agony.
* * * LOW HITPOINT WARNING * * *
You closely miss Grinder.
Grinder is moderately wounded.
Grinder hits you.
You die...

#.##..####
#.##.....#
#.##.###.#
#.##.###.#
#........# ###
#.#####..# ##.##
#.# #..#
##...###.# #..#
#@.......# #..#
##5..###.#####..#
##(## #.......)##
#(# ##.#.......
#.# #.#.###...
#.# #.#.###...
#.# #.#.......
#.# #.######.#
#5# #.# #.#


You could see Grinder.

Vanquished Creatures
  A hound (D:2)
  3 gnolls (D:3)
  6 adders
  A worm (D:2)
  A dart slug (D:1)
  A leopard gecko (D:2)
  An orc (D:3)
  A ball python (D:3)
  6 giant cockroaches
  9 goblins
  3 hobgoblins (D:2)
  5 jackals
  7 kobolds
  3 quokkas
  3 bats
  3 rats
54 creatures vanquished.

Notes
Turn   | Place    | Note
-------+----------+-------------------------------------------
     0 | D:1      | Frank2 the Demigod Gladiator began the quest for the Orb.
     0 | D:1      | Reached XP level 1. HP: 17/17 MP: 3/3
   220 | D:1      | Reached skill level 3 in Axes
   245 | D:1      | Reached XP level 2. HP: 17/24 MP: 4/4
   774 | D:2      | Reached XP level 3. HP: 10/29 MP: 5/5
   775 | D:2      | Reached skill level 1 in Armour
  1120 | D:2      | Found a faded altar of an unknown god.
  1180 | D:2      | Reached XP level 4. HP: 7/36 MP: 6/6
  2145 | D:3      | Reached skill level 4 in Axes
  2150 | D:3      | Reached XP level 5. HP: 28/41 MP: 7/7
  2380 | D:3      | Found a shimmering altar of Xom.
  2463 | D:3      | Noticed Grinder
  2479 | D:3      | HP: 2/41 [Grinder (6)]
  2480 | D:3      | Slain by Grinder

Skill      XL: |  1  2  3  4 |
---------------+-------------+-----
Axes           | 3 4 |  4.0
Dodging        | 3 |  3.3
Fighting       | 2 |  2.2
Armour         | 1 2 |  2.4
Throwing       | |  1.8

Action                   |  1- 3 |  4- 6 || total
-------------------------+-------+-------++-------
Melee: War axe           |    60 |    86 ||   146
Throw: Throwing net      |       |     3 ||     3
  Use: Scroll            |     8 |     3 ||    11
       Potion            |       |     2 ||     2
 Stab: Sleeping          |     2 |     3 ||     5
  Eat: Chunk             |       |     5 ||     5
Armor: Leather armour    |    21 |    18 ||    39
Dodge: Dodged            |    81 |    69 ||   150
